TOP OF THE 1ST |
Florida State University Seminoles batting - Pitching for Louisiana State University Tigers : RHP Mike Valdez
|
Pitching: RHP Mike Valdez
|
|
Batting: RHB Paul Holland
|
0-0: Called Strike 0-1: Ball 1-1: Ground out 5-3 (Groundball, 56, EV 80.6 MPH)
|
Batting: RHB Jeremy Buck
|
0-0: Called Strike 0-1: Called Strike 0-2: Ball 1-2: Strikes out looking
|
Batting: LHB Raul Maldonado
|
0-0: Ball 1-0: Ball 2-0: Called Strike 2-1: Foul Ball, location: 2F 2-2: Strikes out swinging
|
Top of the 1st over - 0 runs, 0 hits, 0 errors, 0 left on base; Florida State University 0 - Louisiana State University 0 |
BOTTOM OF THE 1ST |
Louisiana State University Tigers batting - Pitching for Florida State University Seminoles : LHP Victor Quiros
|
Pitching: LHP Victor Quiros
|
|
Batting: SHB Jose Melendez
|
0-0: Ground out 4-3 (Groundball, P, EV 85.0 MPH)
|
Batting: RHB Richard Saquic
|
0-0: Ball 1-0: Foul Ball, location: 2F 1-1: Called Strike 1-2: Foul Ball, location: 2F 1-2: Ball 2-2: Ball 3-2: SINGLE (Line Drive, 34D, EV 96.9 MPH)
|
Batting: RHB David Lobacz
|
0-0: Ball 1-0: Called Strike 1-1: Ball 2-1: SINGLE (Flyball, 8RS, EV 93.1 MPH) Richard Saquic to second
|
Batting: LHB Bob Govella
|
0-0: Ground out 4-3 (Groundball, 4S, EV 68.8 MPH) Richard Saquic to third David Lobacz to second
|
Batting: LHB Ângelo Schwn
|
0-0: Called Strike 0-1: Ground out 6-3 (Groundball, 6, EV 104.4 MPH)
|
Bottom of the 1st over - 0 runs, 2 hits, 0 errors, 2 left on base; Florida State University 0 - Louisiana State University 0 |
TOP OF THE 2ND |
Florida State University Seminoles batting - Pitching for Louisiana State University Tigers : RHP Mike Valdez
|
Batting: RHB Lupe Barrera
|
0-0: SINGLE (Groundball, 25, EV 68.1 MPH) (infield hit)
|
Batting: RHB Taffounnout Kame
|
0-0: Ball 1-0: Ball 2-0: Ball 3-0: Called Strike 3-1: Called Strike 3-2: Foul Ball, location: 2F 3-2: Base on Balls Lupe Barrera to second
|
Batting: RHB Victor Ramirez
|
0-0: Fly out, F9 (Flyball, 89D, EV 91.3 MPH)
|
Batting: RHB Devon Brown
|
0-0: Called Strike 0-1: Swinging Strike 0-2: Ball 1-2: Foul Ball, location: 2F 1-2: Ball 2-2: Fly out, F9 (Flyball, 9, EV 91.9 MPH)
|
Batting: RHB Israel Quinteros
|
0-0: Called Strike 0-1: Ball 1-1: SINGLE (Flyball, 6MD, EV 92.5 MPH) Lupe Barrera to third Taffounnout Kame to second Runner from 3rd tries for Home, SAFE, throw by CF to home
|
Batting: RHB Joy-shan Li
|
0-0: Foul Ball, location: 2F 0-1: Ball 1-1: Ball 2-1: Fly out, F7 (Flyball, 7LS, EV 87.5 MPH)
|
Top of the 2nd over - 1 run, 2 hits, 0 errors, 2 left on base; Florida State University 1 - Louisiana State University 0 |
BOTTOM OF THE 2ND |
Louisiana State University Tigers batting - Pitching for Florida State University Seminoles : LHP Victor Quiros
|
Batting: SHB Fernando Solano
|
0-0: Ball 1-0: Ball 2-0: Ground out 6-3 (Groundball, 56, EV 107.5 MPH)
|
Batting: RHB Dennis Cox
|
0-0: SINGLE (Groundball, 56, EV 105.6 MPH)
|
Batting: RHB Andy Jamison
|
0-0: Ball 1-0: Called Strike 1-1: Ball 2-1: Fielders Choice at 2nd, 6-4 (Groundball, 6, EV 106.3 MPH)
|
Batting: SHB Emmet Brickowski
|
0-0: DOUBLE (Line Drive, 3D, EV 103.1 MPH) Andy Jamison to third
|
Batting: SHB Jose Melendez
|
0-0: Ball 1-0: Called Strike 1-1: Called Strike 1-2: Ball 2-2: Ground out 6-3 (Groundball, 6, EV 88.8 MPH)
|
Bottom of the 2nd over - 0 runs, 2 hits, 0 errors, 2 left on base; Florida State University 1 - Louisiana State University 0 |
TOP OF THE 3RD |
Florida State University Seminoles batting - Pitching for Louisiana State University Tigers : RHP Mike Valdez
|
Batting: RHB Paul Holland
|
0-0: Fly out, F4 (Popup, 4S, EV 58.1 MPH)
|
Batting: RHB Jeremy Buck
|
0-0: Ball 1-0: Ball 2-0: Ground out U3 (Groundball, 3, EV 98.8 MPH)
|
Batting: LHB Raul Maldonado
|
0-0: Called Strike 0-1: Foul Ball, location: 2F 0-2: Ball 1-2: Foul Ball, location: 2F 1-2: Foul Ball, location: 2F 1-2: Strikes out swinging
|
Top of the 3rd over - 0 runs, 0 hits, 0 errors, 0 left on base; Florida State University 1 - Louisiana State University 0 |
BOTTOM OF THE 3RD |
Louisiana State University Tigers batting - Pitching for Florida State University Seminoles : LHP Victor Quiros
|
Batting: RHB Richard Saquic
|
0-0: Called Strike 0-1: Ground out 1-3 (Groundball, 15S, EV 62.5 MPH)
|
Batting: RHB David Lobacz
|
0-0: Ball 1-0: Called Strike 1-1: Swinging Strike 1-2: Strikes out swinging
|
Batting: LHB Bob Govella
|
0-0: Ball 1-0: Fly out, F7 (Flyball, 7D, EV 106.9 MPH)
|
Bottom of the 3rd over - 0 runs, 0 hits, 0 errors, 0 left on base; Florida State University 1 - Louisiana State University 0 |
TOP OF THE 4TH |
Florida State University Seminoles batting - Pitching for Louisiana State University Tigers : RHP Mike Valdez
|
Batting: RHB Lupe Barrera
|
0-0: Called Strike 0-1: Ball 1-1: Ball 2-1: Foul Ball, location: 2F 2-2: Foul Ball, location: 2F 2-2: Ball 3-2: DOUBLE (Line Drive, 9LM, EV 105.6 MPH)
|
Batting: RHB Taffounnout Kame
|
0-0: Called Strike 0-1: Called Strike 0-2: Ball 1-2: Ball 2-2: Ball 3-2: Strikes out swinging
|
Batting: RHB Victor Ramirez
|
0-0: Called Strike 0-1: Foul Ball, location: 2F 0-2: Foul Ball, location: 2F 0-2: Ball 1-2: Ball 2-2: Ground out 6-3 (Groundball, 6, EV 105.0 MPH)
|
Batting: RHB Devon Brown
|
0-0: Called Strike 0-1: Foul Ball, location: 2F 0-2: Ball 1-2: Strikes out looking
|
Top of the 4th over - 0 runs, 1 hit, 0 errors, 1 left on base; Florida State University 1 - Louisiana State University 0 |
BOTTOM OF THE 4TH |
Louisiana State University Tigers batting - Pitching for Florida State University Seminoles : LHP Victor Quiros
|
Batting: LHB Ângelo Schwn
|
0-0: Ball 1-0: Ball 2-0: Ball 3-0: Called Strike 3-1: Foul Ball, location: 2F 3-2: Ground out U3 (Groundball, 13, EV 84.4 MPH)
|
Batting: SHB Fernando Solano
|
0-0: Ball 1-0: Ball 2-0: Ball 3-0: Base on Balls
|
Batting: RHB Dennis Cox
|
0-0: Called Strike 0-1: Swinging Strike 0-2: Strikes out swinging
|
Batting: RHB Andy Jamison
|
0-0: Called Strike 0-1: Fly out, F7 (Flyball, 7LM, EV 101.9 MPH)
|
Bottom of the 4th over - 0 runs, 0 hits, 0 errors, 1 left on base; Florida State University 1 - Louisiana State University 0 |
TOP OF THE 5TH |
Florida State University Seminoles batting - Pitching for Louisiana State University Tigers : RHP Mike Valdez
|
Pitching: RHP Jason Chaney
|
|
Batting: RHB Israel Quinteros
|
0-0: Ball 1-0: Called Strike 1-1: Fly out, F8 (Line Drive, 8LD, EV 104.4 MPH)
|
Batting: RHB Joy-shan Li
|
0-0: Called Strike 0-1: Swinging Strike 0-2: SINGLE (Groundball, 25, EV 68.8 MPH) (infield hit)
|
Batting: RHB Paul Holland
|
0-0: Foul Ball, location: 2F 0-1: Ball 1-1: Fly out, F8 (Flyball, 8RS, EV 80.6 MPH)
|
Batting: RHB Jeremy Buck
|
0-0: Ball 1-0: Swinging Strike 1-1: Ball 2-1: Ball 3-1: Called Strike 3-2: Strikes out swinging
|
Top of the 5th over - 0 runs, 1 hit, 0 errors, 1 left on base; Florida State University 1 - Louisiana State University 0 |
BOTTOM OF THE 5TH |
Louisiana State University Tigers batting - Pitching for Florida State University Seminoles : LHP Victor Quiros
|
Pitching: RHP Wilson Echartea
|
|
Batting: SHB Emmet Brickowski
|
0-0: Called Strike 0-1: Ball 1-1: Foul Ball, location: 2F 1-2: Strikes out swinging
|
Batting: SHB Jose Melendez
|
0-0: Ball 1-0: Foul Ball, location: 2F 1-1: Ball 2-1: Foul Ball, location: 2F 2-2: Ball 3-2: Base on Balls
|
Batting: RHB Richard Saquic
|
0-0: Ball 1-0: Ball 2-0: Foul Ball, location: 2F 2-1: Ball 3-1: Base on Balls Jose Melendez to second
|
Batting: RHB David Lobacz
|
0-0: Ball 1-0: Hit by Pitch Jose Melendez to third Richard Saquic to second
|
Pinch Hitting: SHB Noah Long
|
0-0: Ball 1-0: Ball 2-0: Called Strike 2-1: Called Strike 2-2: SINGLE (Line Drive, 78S, EV 103.8 MPH) Jose Melendez scores Richard Saquic to third David Lobacz to second Runner from 3rd tries for Home, SAFE, throw by LF to home
|
Batting: LHB Ângelo Schwn
|
0-0: Called Strike 0-1: Foul Ball, location: 2F 0-2: Foul Ball, location: 2F 0-2: Ball 1-2: SINGLE (Groundball, 6MD, EV 97.5 MPH) David Lobacz to third Noah Long to second Runner from 3rd tries for Home, SAFE, throw by CF to home
|
Pitching: RHP Sergio Perez
|
|
Batting: SHB Fernando Solano
|
0-0: Ball 1-0: Ball 2-0: Ball 3-0: Base on Balls Noah Long to third Ângelo Schwn to second
|
Batting: RHB Dennis Cox
|
0-0: Called Strike 0-1: Fielders Choice at 2nd, 6-4 (Groundball, 6, EV 85.0 MPH) Noah Long scores Ângelo Schwn to third
|
Batting: RHB Andy Jamison
|
0-0: Ball Wild Pitch! Ângelo Schwn scores Dennis Cox to second 1-0: Ball 2-0: DOUBLE (Line Drive, 78M, EV 111.3 MPH) Dennis Cox scores
|
Batting: SHB Emmet Brickowski
|
0-0: Called Strike 0-1: SINGLE (Groundball, 6MS, EV 85.0 MPH) (infield hit) Andy Jamison to third
|
Pinch Hitting: RHB Alberto Chavez
|
0-0: Swinging Strike 0-1: Swinging Strike 0-2: Ball 1-2: Ball 2-2: Foul Ball, location: 2F 2-2: Fielders Choice at 2nd, 5-4 (Groundball, 5L, EV 86.9 MPH)
|
Bottom of the 5th over - 6 runs, 4 hits, 0 errors, 2 left on base; Florida State University 1 - Louisiana State University 6 |
TOP OF THE 6TH |
Florida State University Seminoles batting - Pitching for Louisiana State University Tigers : RHP Jason Chaney
|
Now in CF: Francisco Ruiz
|
|
Now in RF: Garrett Moreau
|
|
Batting: LHB Raul Maldonado
|
0-0: Swinging Strike 0-1: Ground out 4-3 (Groundball, 4M, EV 106.3 MPH)
|
Batting: RHB Lupe Barrera
|
0-0: Called Strike 0-1: Called Strike 0-2: SINGLE (Groundball, 56D, EV 100.0 MPH)
|
Batting: RHB Taffounnout Kame
|
0-0: Called Strike 0-1: Called Strike 0-2: Ball 1-2: Foul Ball, location: 2F 1-2: Ball 2-2: Ball 3-2: Foul Ball, location: 2F 3-2: Grounds into double play, 6-4-3 (Groundball, 6, EV 109.4 MPH)
|
Top of the 6th over - 0 runs, 1 hit, 0 errors, 0 left on base; Florida State University 1 - Louisiana State University 6 |
BOTTOM OF THE 6TH |
Louisiana State University Tigers batting - Pitching for Florida State University Seminoles : RHP Sergio Perez
|
Batting: SHB John Pullen
|
0-0: Ball 1-0: Fly out, F8 (Line Drive, 8RM, EV 100.0 MPH)
|
Pinch Hitting: RHB Warren Carmichael
|
0-0: Ball 1-0: Fly out, F6 (Popup, 6MD, EV 53.1 MPH)
|
Batting: LHB Garrett Moreau
|
0-0: Ball 1-0: Ball 2-0: Called Strike 2-1: SINGLE (Line Drive, 6MD, EV 96.3 MPH)
|
Pinch Hitting: SHB Eric Pendergast
|
0-0: Ball 1-0: Foul Ball, location: 2F 1-1: Foul Ball, location: 2F 1-2: Ball 2-2: Foul Ball, location: 2F 2-2: Foul Ball, location: 2F 2-2: Foul Ball, location: 2F 2-2: Foul Ball, location: 2F 2-2: Fly out, F8 (Line Drive, 8LD, EV 88.1 MPH)
|
Bottom of the 6th over - 0 runs, 1 hit, 0 errors, 1 left on base; Florida State University 1 - Louisiana State University 6 |
TOP OF THE 7TH |
Florida State University Seminoles batting - Pitching for Louisiana State University Tigers : RHP Jason Chaney
|
Now at 1B: Elijah Loetzsch
|
|
Now at 3B: Flynn Robinson
|
|
Batting: RHB Victor Ramirez
|
0-0: Called Strike 0-1: Swinging Strike 0-2: Ball 1-2: Foul Ball, location: 2F 1-2: Ball 2-2: Ball 3-2: Base on Balls
|
Pinch Hitting: RHB Fouad Bausi
|
0-0: Ball 1-0: Ball 2-0: Swinging Strike 2-1: Foul Ball, location: 2F 2-2: Strikes out swinging
|
Pinch Hitting: RHB Jake Garin
|
0-0: Foul Ball, location: 2F 0-1: Ball 1-1: Called Strike 1-2: Ball 2-2: Strikes out swinging
|
Pinch Hitting: SHB Scott Kuzma
|
0-0: Called Strike 0-1: Ball 1-1: Swinging Strike 1-2: Strikes out swinging
|
Top of the 7th over - 0 runs, 0 hits, 0 errors, 1 left on base; Florida State University 1 - Louisiana State University 6 |
BOTTOM OF THE 7TH |
Louisiana State University Tigers batting - Pitching for Florida State University Seminoles : RHP Sergio Perez
|
Now at 1B: Jai-guo Bian
|
|
Now at 2B: Scott Kuzma
|
|
Now at SS: Paul Holland
|
|
Now in LF: Jake Garin
|
|
Batting: SHB Fernando Solano
|
0-0: Ball 1-0: Called Strike 1-1: Ball 2-1: Ball 3-1: Swinging Strike 3-2: Base on Balls
|
Pinch Hitting: LHB Lourens Aukema
|
0-0: Ball 1-0: Fly out, F6 (Popup, P, EV 77.5 MPH)
|
Batting: RHB Andy Jamison
|
0-0: Ball 1-0: Foul Ball, location: 2F 1-1: 2-RUN HOME RUN (Flyball, 78XD, EV 113.8 MPH), Distance : 436 ft
|
Batting: SHB Emmet Brickowski
|
0-0: Ball 1-0: Foul Ball, location: 2F 1-1: Ground out 5-3 (Groundball, 5L, EV 88.1 MPH)
|
Batting: RHB Francisco Ruiz
|
0-0: Ground out 3-1 (Groundball, 34, EV 83.1 MPH)
|
Bottom of the 7th over - 2 runs, 1 hit, 0 errors, 0 left on base; Florida State University 1 - Louisiana State University 8 |
TOP OF THE 8TH |
Florida State University Seminoles batting - Pitching for Louisiana State University Tigers : RHP Jason Chaney
|
Now in LF: Lourens Aukema
|
|
Pinch Hitting: LHB Steve Farrell
|
0-0: Fly out, F9 (Flyball, 89D, EV 90.6 MPH)
|
Pinch Hitting: LHB Jonathan Redden
|
0-0: Called Strike 0-1: Ball 1-1: SOLO HOME RUN (Flyball, 7D, EV 110.6 MPH), Distance : 410 ft
|
Batting: LHB Raul Maldonado
|
0-0: Ball 1-0: Called Strike 1-1: Ball 2-1: Swinging Strike 2-2: Strikes out swinging
|
Batting: RHB Mark Conrad
|
0-0: Ground out 5-3 (Groundball, 56S, EV 95.6 MPH)
|
Top of the 8th over - 1 run, 1 hit, 0 errors, 0 left on base; Florida State University 2 - Louisiana State University 8 |
BOTTOM OF THE 8TH |
Louisiana State University Tigers batting - Pitching for Florida State University Seminoles : RHP Sergio Perez
|
Now at 3B: John Goodpaster
|
|
Now at SS: Ed Mosqueda
|
|
Batting: SHB John Pullen
|
0-0: Ball 1-0: Ball 2-0: Called Strike 2-1: Ground out 6-3 (Groundball, 6, EV 88.8 MPH)
|
Batting: LHB Elijah Loetzsch
|
0-0: Foul Ball, location: 2F 0-1: Ball 1-1: Foul Ball, location: 2F 1-2: Foul Ball, location: 2F 1-2: Strikes out swinging
|
Batting: LHB Garrett Moreau
|
0-0: Ball 1-0: Ball 2-0: Ball 3-0: Called Strike 3-1: Foul Ball, location: 2F 3-2: SINGLE (Flyball, 8LS, EV 93.1 MPH)
|
Batting: LHB Flynn Robinson
|
0-0: Foul Ball, location: 2F 0-1: Ball 1-1: Ball 2-1: Ball 3-1: Called Strike 3-2: Ground out 3-1 (Groundball, 34, EV 88.1 MPH)
|
Bottom of the 8th over - 0 runs, 1 hit, 0 errors, 1 left on base; Florida State University 2 - Louisiana State University 8 |
TOP OF THE 9TH |
Florida State University Seminoles batting - Pitching for Louisiana State University Tigers : RHP Jason Chaney
|
Pitching: LHP Brian Rogers
|
|
Batting: RHB Taffounnout Kame
|
0-0: Fly out, F7 (Flyball, 78D, EV 91.9 MPH)
|
Pinch Hitting: RHB Willie Gomez
|
0-0: Fly out, F7 (Line Drive, 7, EV 97.5 MPH)
|
Pinch Hitting: RHB Davy Meagher
|
0-0: Ball 1-0: SINGLE (Groundball, 5S, EV 71.9 MPH) (infield hit)
|
Batting: RHB Jake Garin
|
0-0: Ball 1-0: Fly out, F9 (Flyball, 89D, EV 96.9 MPH)
|
Top of the 9th over - 0 runs, 1 hit, 0 errors, 1 left on base; Florida State University 2 - Louisiana State University 8 |
|